 Dungeon Crawl Stone Soup version 0.31-a0-963-ga325b2283a (webtiles) character file.

Game seed: 237634186787142271

121 theanonym the Firebug (level 4, -2/24 HPs)
             Began as a Deep Elf Fire Elementalist on Oct 24, 2023.
             Was an Initiate of Vehumet.
             Slain by an iguana (11 damage)
             ... on level 4 of the Dungeon.
             The game lasted 00:06:30 (2735 turns).

theanonym the Firebug (Deep Elf Fire Elementalist)  Turns: 2735, Time: 00:06:31

Health: -2/24      AC:  3    Str:  5    XL:     4   Next: 76%
Magic:  4/10       EV: 12    Int: 22    God:    Vehumet [......]
Gold:   141        SH:  0    Dex: 15    Spells: 6/9 levels left

rFire   . . .        f - +0 dagger
rCold   . . .        (no shield)
rNeg    . . .        a - +0 robe
rPois   .            (no helmet)
rElec   .            (no cloak)
rCorr   .            q - +0 pair of gloves
SInv    .            (no boots)
Will    .....        e - amulet of regeneration
Stlth   ++           (no ring)
HPRegen 1.04/turn    (no ring)
MPRegen 0.12/turn

%: no passive effects
@: no status effects
A: no striking features
a: Renounce Religion


   Skills:
 - Level 2.4 Dodging
 - Level 2.4 Stealth
 - Level 3.0 Spellcasting
 + Level 3.6 Conjurations
 + Level 4.9 Fire Magic


You had 6 spell levels left.
You knew the following spells:

 Your Spells              Type           Power      Damage    Failure   Level
a - Foxfire               Conj/Fire      88%        2x1d8     2%          1
b - Scorch                Fire           48%        2d7       2%          2

Your spell library contained the following spells:

 Spells                   Type           Power      Damage    Failure   Level
 Inner Flame              Hex/Fire       14%        N/A       14%         3
 Volatile Blastmotes      Fire/Tloc      28%        2d12      14%         3
 Flame Wave               Conj/Fire      22%        2d8       22%         4

Skill      XL: |  1  2  3 |
---------------+----------+-----
Conjurations   | 2 3 |  3.6
Fire Magic     | 4 |  4.9
Dodging        | |  2.4
Stealth        | |  2.4
Spellcasting   | |  3.0

Action                     |  1- 3 |  4- 6 || total
---------------------------+-------+-------++-------
  Melee: Unarmed           |    14 |       ||    14
         Dagger            |    73 |    65 ||   138
         Punch             |     2 |       ||     2
   Cast: Foxfire           |    29 |    13 ||    42
         Scorch            |     1 |     3 ||     4
    Use: Scroll            |       |     6 ||     6
         Potion            |       |     1 ||     1
   Stab: Sleeping          |     9 |     1 ||    10
 Armour: Robe              |    40 |    45 ||    85
  Dodge: Dodged            |    57 |    56 ||   113

Inventory:

Hand Weapons
 f - a +0 dagger (weapon)
Armour
 a - a +0 robe (worn)
 q - a +0 pair of gloves (worn)
Jewellery
 e - an amulet of regeneration (around neck)
 g - a ring of ice {rC++ rF-}
Wands
 A - a wand of polymorph (12)
Scrolls
 d - 2 scrolls of silence {unknown}
 j - 2 scrolls of blinking {unknown}
 k - a scroll of enchant weapon {unknown}
 l - a scroll of torment {unknown}
 n - a scroll of immolation {unknown}
 o - 2 scrolls of enchant armour {unknown}
 s - a scroll of poison {unknown}
 t - 2 scrolls of amnesia {unknown}
 x - 3 scrolls of fog {unknown}
 y - 2 scrolls of revelation
Potions
 b - 2 potions of magic
 h - a potion of haste
 i - a potion of mutation
 p - 2 potions of enlightenment
 u - a potion of heal wounds {unknown}
 v - a potion of degeneration {unknown}
 w - a potion of curing
 z - a potion of brilliance {unknown}


You were on level 4 of the Dungeon.
You worshipped Vehumet.
Vehumet was noncommittal.
You visited 2 branches of the dungeon, and saw 5 of its levels.

You collected 141 gold pieces.

Dungeon Overview and Level Annotations

Branches:
Dungeon (4/15)             Temple (1/1) D:4

Altars:
Ashenzari
Dithmenos
Elyvilon
Fedhas
Kikubaaqudgha
Makhleb
Nemelex Xobeh
Okawaru
Qazlal
Ru
Sif Muna
Trog
Vehumet
Wu Jian
Xom
Yredelemnul
Zin
The Shining One

Annotations:
D:3 1 runed translucent door, WhatIsLove's ghost, amateur DjFE

#.#**####.### *,*
**********,..*#......##
*,*
*,,,,,,,,,,#.*#.##.#..#
*,*
*,********##.##.##.##.#
*,* *,* **###.?.......#.#
*,* *,* *,..............#
*,*
*,*****,*##..⌠...⌠..#.#
*,*
*,,,,,,,..#...v.....#.#
*,* #
*******,#.....v@......#
*,* ### *,###....l....#.#
*.*##.(
*,**#..⌠...⌠..#.####.##.##
*,#.............###..##.#
*,#.#.........#####.###.##
*,.,##.##.##.######.####..
*,,,,..##.##.######.#####.
*,,,..###..o..<....)......
*,*,*,*##l#########.#####.


You could see an iguana (combustible, ally target).

Notes
Turn   | Place    | Note
-------+----------+-------------------------------------------
     0 | D:1      | theanonym the Deep Elf Fire Elementalist began the quest
                  | for the Orb.
     0 | D:1      | Reached XP level 1. HP: 10/10 MP: 6/6
   183 | D:1      | Reached XP level 2. HP: 15/15 MP: 8/8
   230 | D:1      | Reached skill level 2 in Conjurations
   347 | D:1      | HP: 6/15 [hobgoblin (5)]
   558 | D:1      | Reached skill level 4 in Fire Magic
   762 | D:2      | Reached XP level 3. HP: 19/19 MP: 9/9
   799 | D:2      | Learned a level 2 spell: Scorch
  1172 | D:2      | Reached skill level 3 in Conjurations
  1410 | D:3      | Found a runed translucent door.
  1416 | D:3      | Noticed WhatIsLove's ghost (amateur DjFE)
  1433 | D:3      | Found an ancient bone altar of Kikubaaqudgha.
  1481 | D:3      | Reached XP level 4. HP: 24/24 MP: 10/10
  2342 | D:4      | HP: 12/24 [orc/+0 short sword (2)]
  2345 | D:4      | HP: 4/24 [orc/+0 flail (8)]
  2362 | D:4      | Found a staircase to the Ecumenical Temple.
  2591 | Temple   | Entered the Ecumenical Temple
  2656 | Temple   | Became a worshipper of Vehumet
  2733 | D:4      | HP: 7/24 [iguana (13)]
  2735 | D:4      | Slain by an iguana

Vanquished Creatures
  A hound (D:4)
  2 adders
  A worm (D:2)
  3 dart slugs
  An orc (D:4)
  8 ball pythons
  2 endoplasms
  5 giant cockroaches
  7 goblins
  4 hobgoblins
  6 jackals
  6 kobolds
  2 quokkas
  3 bats
  3 frilled lizards
  5 rats
59 creatures vanquished.

Vanquished Creatures (others)
  60 foxfires
60 creatures vanquished.

Grand Total: 119 creatures vanquished

Table legend: (Time is in decaauts)
 A = Elapsed time spent in this place.
 B = Non-inter-level travel time spent in this place.
 C = Inter-level travel time spent in this place.
 D = Time resting spent in this place.
 E = Time spent auto-exploring this place.
 F = Levels seen in this place.
 G = Mean time per level.
                   A        B        C        D        E       F      G
               +--------+--------+--------+--------+--------+-----+--------+
         Total |   2735 |   2512 |    223 |     59 |   1995 |   5 |  547.0 |
       Dungeon |   2598 |   2503 |     95 |     59 |   1995 |   4 |  649.5 |
        Temple |    136 |      8 |    128 |      0 |      0 |   1 |  136.0 |
               +--------+--------+--------+--------+--------+-----+--------+

Top non-repeatable levels by time:
     D:3: 819 daAuts
     D:1: 758 daAuts
     D:4: 525 daAuts
     D:2: 494 daAuts
  Temple: 136 daAuts
